 Dungeon Crawl Stone Soup version 0.27-a0-909-g0721f309d1 (webtiles) character file.

Game seed: 3838981178007482348

5145 harryhousin the Blocker (level 10, -1/83 HPs)
             Began as a Minotaur Fighter on Apr 9, 2021.
             Was an Initiate of Gozag.
             Slain by an orc warlord
             ... wielding a +0 war axe
              (12 damage)
             ... in a bailey.
             The game lasted 00:41:12 (5523 turns).

harryhousin the Blocker (Minotaur Fighter)          Turns: 5523, Time: 00:41:13

Health: -1/83      AC: 23    Str: 24    XL:     10   Next: 33%
Magic:  9/9        EV:  6    Int:  7    God:    Gozag
Gold:   831        SH: 12    Dex:  8    Spells: 9/9 levels left

rFire    . . .     SeeInvis .   a - +1 war axe
rCold    + . .     Faith    .   c - +0 kite shield
rNeg     . . .     Spirit   .   B - +0 plate armour
rPois    +         Reflect  .   (helmet restricted)
rElec    .         Harm     .   (no cloak)
rCorr    .         Rampage  .   h - +2 pair of gloves
Will     .....                  E - +2 pair of boots
Stlth    ..........             f - amulet of regeneration
HPRegen  1.23/turn              A - ring of protection from cold
MPRegen  0.11/turn              b - ring of poison resistance

@: mighty
A: horns 2, retaliatory headbutt, iridescent scales 1, clumsy 1, frail 1, strong
1
a: Renounce Religion, Potion Petition, Call Merchant, Bribe Branch


You were in a bailey.
You worshipped Gozag.
Gozag was pleased with you.
You visited 2 branches of the dungeon, and saw 8 of its levels.
You also visited: Bailey.

You collected 964 gold pieces.
You paid 133 gold pieces to Gozag.

Inventory:

Hand Weapons
 a - a +1 war axe (weapon)
Armour
 c - a +0 kite shield (worn)
 h - a +2 pair of gloves (worn)
 B - a +0 plate armour (worn)
 E - a +2 pair of boots (worn)
Jewellery
 b - a ring of poison resistance (right hand)
 f - an amulet of regeneration (around neck)
 A - a ring of protection from cold (left hand)
Wands
 D - a wand of flame (9)
Scrolls
 e - 2 scrolls of identify
 g - 3 scrolls of enchant weapon
 k - a scroll of fog {unknown}
 l - 4 scrolls of teleportation
 m - a scroll of vulnerability {unknown}
 o - a scroll of fear {unknown}
 q - a scroll of blinking {unknown}
 s - a scroll of brand weapon {unknown}
 u - a scroll of amnesia {unknown}
 v - 2 scrolls of enchant armour
 w - a scroll of torment
 y - a scroll of immolation {unknown}
 G - a scroll of magic mapping {unknown}
Potions
 i - 2 potions of brilliance {unknown}
 j - 2 potions of magic {unknown}
 n - 2 potions of flight
 p - a potion of heal wounds {unknown}
 r - a potion of mutation
 t - a potion of resistance {unknown}
 z - a potion of degeneration {unknown}
 C - a potion of cancellation {unknown}
 F - a potion of haste


   Skills:
 + Level 9.8 Fighting
 + Level 9.5 Axes
 + Level 9.8 Armour
 - Level 0.6 Dodging
 + Level 9.9 Shields


You had 9 spell levels left.
You didn't know any spells.
Your spell library contained the following spells:

 Spells                   Type           Power      Damage    Failure   Level
 Corona                   Hex            0%         N/A       100%        1
 Ensorcelled Hibernation  Hex/Ice        0%         N/A       100%        2
 Confusing Touch          Hex            0%         N/A       100%        3
 Dazzling Flash           Conj/Hex       0%         N/A       100%        3
 Tukima's Dance           Hex            0%         N/A       100%        3


Dungeon Overview and Level Annotations

Branches:
Dungeon (7/15)             Temple (1/1) D:6          Bailey (1/1)

Altars:
Ashenzari
Cheibriados
Elyvilon
Fedhas
Gozag
Hepliaklqana
Kikubaaqudgha
Makhleb
Nemelex Xobeh
Okawaru
Qazlal
Sif Muna
Trog
Uskayaw
Wu Jian
Xom
Yredelemnul
Zin
The Shining One


Innate Abilities, Weirdness & Mutations

You have a pair of horns on your head.
You reflexively headbutt those who attack you in melee.
You are partially covered in iridescent scales. (AC +2)
You are clumsy. (Dex -2)
You are frail. (-10% HP)
Your muscles are strong. (Str +2)


Message History

Your plate armour prevents you from hitting the orc warlord.
Your headbutt misses the orc warlord.
The orc warlord is lightly wounded.
You closely miss the goblin.
The orc warlord hits you with a +0 war axe!!
You slash the orc warlord! Your headbutt misses the orc warlord.
The orc warlord is lightly wounded.
You slash the goblin!
You kill the goblin!
The orc warlord hits you with a +0 war axe!!
* * * LOW HITPOINT WARNING * * *
It was a potion of mutation.
You feel extremely strange.
You feel clumsy.
You feel frail.
You feel stronger.
Iridescent scales grow over part of your body.
The orc warlord hits you with a +0 war axe!
* * * LOW HITPOINT WARNING * * *
Unknown command.
You feel very mighty all of a sudden. You block the orc warlord's attack.
You hit the orc warlord but do no damage.
You headbutt the orc warlord!
The orc warlord is moderately wounded.
You block the orc warlord's attack.
You slice the orc warlord!!
The orc warlord is moderately wounded.
You block the orc warlord's attack.
You hit the orc warlord.
The orc warlord is moderately wounded.
You block the orc warlord's attack. x2
You barely miss the orc warlord.
The orc warlord is moderately wounded.
You block the orc warlord's attack.
You barely miss the orc warlord. You headbutt the orc warlord!
The orc warlord is heavily wounded.
The orc warlord hits you but does no damage.
You closely miss the orc warlord. Your headbutt misses the orc warlord.
The orc warlord is heavily wounded.
The orc warlord hits you with a +0 war axe!
You die...
Your body crumbles into a pile of gold.

.....#≈≈≈≈≈#...8..8..##
...))#≈≈≈≈≈#..........#
8..))'(....'..........#
...#########......8...#
..##≈≈≈# ≈≈####......##
..#≈=.....≈#≈≈#.....##
..#≈!........≈#....##
..##8.8...8.8≈##...#
...#.........≈≈o@..#
...#....∩....≈≈$...#
...#.........≈≈'...#
..##8.8...8.8≈##...#
..#≈?........≈#....##
..#≈:... .≈#≈≈#.....##
..##≈≈≈# ≈≈####......##
...#########......8...#
8....'.....'..........#


You could see an orc warlord.

Vanquished Creatures
  An orc knight (Bailey)
  A centaur zombie (D:7)
  Joseph (D:7)
  2 hellwings (D:6)
  A slime creature (D:5)
  A meliai zombie (D:7)
  A sky beast (D:6)
  A hornet zombie (D:7)
  A necrophage (D:5)
  4 orc warriors
  2 black bears
  An ogre (D:5)
  An ice beast (D:6)
  A phantom (D:4)
  3 kobold brigands
  2 scorpions
  A water moccasin skeleton (D:5)
  4 hounds
  A bullfrog skeleton (D:6)
  8 jellies (D:5)
  An orc priest (D:6)
  4 centaur skeletons
  2 iguanas
  4 orc wizards
  9 gnolls
  10 adders
  A howler monkey skeleton (D:5)
  4 shadow imps
  An ufetubus (D:6)
  3 worms
  A dart slug (D:5)
  19 orcs
  5 endoplasms
  2 giant cockroaches
  18 goblins
  5 hobgoblins
  12 jackals
  4 quokkas
  4 ball pythons
  9 bats
  3 frilled lizards (D:3)
  32 kobolds
  6 rats
197 creatures vanquished.

Vanquished Creatures (others)
  2 fungi (D:5)
  11 toadstools (D:5)
  A withered plant (D:7)
14 creatures vanquished.

Grand Total: 211 creatures vanquished

Notes
Turn   | Place    | Note
-------+----------+-------------------------------------------
     0 | D:1      | harryhousin the Minotaur Fighter began the quest for the
                  | Orb.
     0 | D:1      | Reached XP level 1. HP: 19/19 MP: 0/0
    94 | D:1      | Reached XP level 2. HP: 20/27 MP: 1/1
   850 | D:2      | Reached XP level 3. HP: 33/33 MP: 2/2
  1366 | D:3      | Reached XP level 4. HP: 36/40 MP: 3/3
  1840 | D:3      | Reached XP level 5. HP: 47/47 MP: 4/4
  1938 | D:4      | Noticed a phantom
  1958 | D:4      | Killed a phantom
  1959 | D:4      | Reached skill level 5 in Shields
  2568 | D:4      | Reached skill level 5 in Armour
  2759 | D:5      | Entered Level 5 of the Dungeon
  2833 | D:5      | Reached XP level 6. HP: 50/55 MP: 5/5
  2834 | D:5      | Reached skill level 5 in Fighting
  2889 | D:5      | Found a broken altar of Ashenzari.
  3204 | D:5      | Reached skill level 5 in Axes
  3204 | D:5      | Reached XP level 7. HP: 58/61 MP: 6/6
  3570 | D:5      | Noticed a slime creature
  3594 | D:5      | Killed a slime creature
  3595 | D:5      | Reached XP level 8. HP: 38/71 MP: 7/7
  4018 | D:6      | Found a staircase to the Ecumenical Temple.
  4096 | Temple   | Entered the Ecumenical Temple
  4167 | Temple   | Became a worshipper of Gozag Ym Sagoz the Greedy
  4359 | D:6      | Found a burning altar of Makhleb.
  4372 | D:6      | Found a hazy altar of Hepliaklqana.
  4374 | D:6      | Found a blossoming altar of Fedhas.
  4375 | D:6      | Found an iron altar of Okawaru.
  4605 | D:7      | Noticed Joseph
  4606 | D:7      | Noticed a hellwing
  4608 | D:7      | Noticed a hellwing
  4625 | D:6      | Reached XP level 9. HP: 78/81 MP: 8/8
  4691 | D:6      | Killed a hellwing
  4749 | D:6      | Killed a hellwing
  4866 | D:7      | Killed Joseph
  4874 | D:7      | Reached XP level 10. HP: 77/91 MP: 9/9
  5115 | D:7      | Found a flagged portal.
  5124 | Bailey   | Entered a bailey
  5133 | Bailey   | Noticed an orc warlord
  5195 | Bailey   | Noticed an orc knight
  5234 | Bailey   | Killed an orc knight
  5291 | Bailey   | Found a runed translucent gate.
  5293 | Bailey   | Found a runed translucent gate.
  5295 | Bailey   | Found a runed translucent gate.
  5516 | Bailey   | Gained mutation: You are clumsy. (Dex -2) [potion of
                  | mutation]
  5516 | Bailey   | Gained mutation: You are frail. (-10% HP) [potion of
                  | mutation]
  5516 | Bailey   | Gained mutation: Your muscles are strong. (Str +2) [potion
                  | of mutation]
  5516 | Bailey   | Gained mutation: You are partially covered in iridescent
                  | scales. (AC +2) [potion of mutation]
  5516 | Bailey   | HP: 1/83 [orc warlord/+0 war axe (14)]
  5523 | Bailey   | Slain by an orc warlord

Illustrated notes

Levels and vault maps discovered:
D:1:      lemuel_arrival_behind_the_door_large, layout_loops_ring,
          minmay_crystal_room
D:2:      layout_basic
D:3:      layout_rooms
D:4:      layout_loops_corners
D:5:      cheibrodos_fertilizer, layout_loops_corners, old_standard_altar,
          minmay_misc_feat_x, chequers_jeans, st_stairs_6
D:6:      layout_basic, minitemple, minmay_temple_entry_stoned_glass
D:7:      cheibrodos_grave_circle, layout_cave_pools,
          nicolae_dithmenos_through_a_glass_darkly, enter_bailey_3,
          enter_ossuary_2, worms_lemuel, uniq_joseph
Temple:   jpeg_temple_clearing
Bailey:   bailey_axe_bossmonster_kennysheep, bailey

Skill      XL: |  1  2  3  4  5  6  7  8  9 |
---------------+----------------------------+-----
Fighting       | 4 5 6 7 9 |  9.8
Armour         | 4 5 6 7 9 |  9.8
Shields        | 4 5 6 8 9 |  9.9
Axes           | 3 4 5 6 7 9 |  9.5
Dodging        | |  0.6

Action                   |  1- 3 |  4- 6 |  7- 9 | 10-12 || total
-------------------------+-------+-------+-------+-------++-------
Melee: War axe           |    95 |   126 |   292 |    98 ||   611
       Headbutt          |    14 |    28 |    45 |    20 ||   107
  Use: Potion            |       |       |     2 |     4 ||     6
       Scroll            |       |       |       |     5 ||     5
Armor: Scale mail        |    54 |    14 |       |       ||    68
       Chain mail        |       |    79 |    71 |       ||   150
       Plate armour      |       |       |   275 |    64 ||   339
Dodge: Dodged            |    39 |    25 |   112 |    25 ||   201
Block: Kite shield       |    71 |    57 |   248 |    99 ||   475

Table legend: (Time is in decaauts)
 A = Elapsed time spent in this place.
 B = Non-inter-level travel time spent in this place.
 C = Inter-level travel time spent in this place.
 D = Time resting spent in this place.
 E = Time spent auto-exploring this place.
 F = Levels seen in this place.
 G = Mean time per level.
                   A        B        C        D        E       F      G
               +--------+--------+--------+--------+--------+-----+--------+
         Total |   5756 |   5507 |    249 |    157 |   3288 |   9 |  639.6 |
       Dungeon |   5260 |   5025 |    235 |    136 |   3219 |   7 |  751.4 |
        Temple |     86 |     72 |     14 |      0 |     69 |   1 |   86.0 |
        Bailey |    408 |    408 |      0 |     21 |      0 |   1 |  408.0 |
               +--------+--------+--------+--------+--------+-----+--------+

Top non-repeatable levels by time:
     D:6: 1049 daAuts
     D:5: 1035 daAuts
     D:4: 877 daAuts
     D:1: 761 daAuts
     D:2: 661 daAuts
     D:3: 560 daAuts
  Bailey: 408 daAuts
     D:7: 314 daAuts
  Temple: 86 daAuts
